 Dungeon Crawl Stone Soup version 0.17.1-3-g152610e (webtiles) character file.

1101 jacquesderrida the Summoner (level 8, 0/52 HPs)
             Began as a Demonspawn Summoner on Apr 25, 2016.
             Succumbed to an adder's poison
             ... on level 6 of the Dungeon.
             The game lasted 00:18:33 (2760 turns).

jacquesderrida the Summoner (Demonspawn Summoner)   Turns: 2760, Time: 00:18:33

Health: 0/52       AC:  7    Str:  8      XL:     8   Next: 10%
Magic:  6/11       EV: 12    Int: 19      God:
Gold:   307        SH:  0    Dex: 12 (14) Spells: 3 memorised, 3 levels left

rFire  + . .     SeeInvis .     n - +0 war axe (curse)
rCold  . . .     Clarity  .     d - +0 robe (curse)
rNeg   . . .     SustAt   .     (no shield)
rPois  .         Gourm    .     (no helmet)
rElec  .         Spirit   .     (no cloak)
rCorr  .         Warding  .     z - +2 pair of gloves
rMut   .         Stasis   .     (no boots)
MR     .....                    (no amulet)
Stlth  ++........               (no ring)
                                s - ring of protection from fire

@: lethally poisoned (0 -> -7), not resistant to hostile enchantments,
unstealthy
A: talons 1, yellow scales 1, spiny 1
a: no special abilities


You were on level 6 of the Dungeon.
You were not hungry.

You visited 1 branch of the dungeon, and saw 6 of its levels.

You collected 307 gold pieces.

Inventory:

Hand Weapons
 k - a +0 flail
 m - a cursed -2 whip
 n - a cursed +0 war axe (weapon)
 t - a cursed +0 blowgun
 w - a +0 great mace
Missiles
 e - 18 poisoned needles
 q - 3 throwing nets (quivered)
Armour
 a - a +0 robe
 d - a cursed +0 robe (worn)
 z - a +2 pair of gloves (worn)
Jewellery
 s - a ring of protection from fire (left hand)
Wands
 f - a wand of paralysis (10)
 j - a wand of confusion (23)
Scrolls
 r - 3 scrolls of teleportation
 u - 2 scrolls of amnesia
 y - a scroll of magic mapping
Potions
 p - a potion of lignification
 v - a potion of poison
Books
 b - a book of Callings

   Spells                             Type                      Level
   a - Summon Small Mammal            Summoning                    1
   b - Call Imp                       Summoning                    2
   c - Call Canine Familiar           Summoning                    3
   d - Summon Guardian Golem          Hexes/Summoning              3
   e - Summon Lightning Spire         Summoning/Air                4
   f - Summon Ice Beast               Ice/Summoning                4
Comestibles
 c - 7 bread rations
 g - 4 meat rations


   Skills:
 + Level 3.9 Maces & Flails
 - Level 1.7 Dodging
 - Level 1.7 Stealth
 - Level 2.0 Spellcasting
 + Level 9.3 Summonings


You had 3 spell levels left.
You knew the following spells:

 Your Spells              Type           Power        Failure   Level  Hunger
a - Summon Guardian Gole  Hex/Summ       ###.....     10%         3    ###....
b - Call Imp              Summ           #####...     1%          2    ###....
c - Call Canine Familiar  Summ           #####...     1%          3    ###....


Dungeon Overview and Level Annotations

Branches:
Dungeon (6/15)
 Temple: D:4-7

Altars:
Dithmenos
Fedhas
Makhleb
Nemelex Xobeh
Vehumet
The Shining One

Annotations:
D:4 ThereIsNoGod's ghost, amateur DDFi


Innate Abilities, Weirdness & Mutations

You have sharp toenails.
You are partially covered in yellow scales (AC +2).
You are partially covered in sharp spines.


Message History

Your wolf disappears in a puff of smoke!
The adder is struck by your spines. The adder bites you.
* * * LOW HITPOINT WARNING * * *
You are poisoned.
The adder poisons you! The adder bites you.
* * * LOW HITPOINT WARNING * * *
You are more poisoned.
The adder poisons you!
* * * LOW HITPOINT WARNING * * *
You feel sick.
Your shadow imp hits the adder.
The adder dies!
Unknown command.
Drink which item? (? for menu, Esc to quit)
Okay, then.
* * * LOW HITPOINT WARNING * * *
You feel sick.
Your shadow imp hits the orc.
The orc barely misses your shadow imp.
* * * LOW HITPOINT WARNING * * *
You feel sick.
Your shadow imp closely misses the orc.
You die...

.####.....# #.......<...)......#
...##....)####........#.##.###...
...##...........####..#..........
........o...#..# #.........##...
...$#.#.[..##.### #.........##...
..........5†....###.........#####
.......#.oo....h.(..........# #
##.o#.##.######...[.........#
....#.##.##.....@.......#########
............###.................)
.................#.)....#...#(((#
o.......................†........
..........[...........#.#...#...#
...........#..........##..(......
...........#...........##########
.............#####.###...## ..
............## #..####..##>#


You could see a friendly wolf.

Vanquished Creatures
  The ghost of ThereIsNoGod the Shield-Bearer, an amateur DDFi (D:3)
  Grinder (D:5)
  2 centaurs
  A scorpion (D:5)
  A centaur skeleton (D:4)
  2 orc wizards (D:4)
  2 gnolls (D:4)
  2 adders
  A shadow imp (D:5)
  A giant gecko (D:3)
  9 orcs
  3 bats (D:3)
  A goblin (D:4)
  3 hobgoblins (D:4)
  A jackal (D:4)
  A quokka (D:4)
  A goblin skeleton (D:5)
  A goblin zombie (D:5)
  2 hobgoblin zombies (D:5)
  3 kobolds
  2 kobold skeletons (D:5)
  An orc zombie (D:5)
42 creatures vanquished.

Vanquished Creatures (collateral kills)
  A phantom (D:5)
  A necrophage (D:6)
  4 scorpions
  A hound (D:4)
  A giant frog skeleton (D:4)
  3 iguanas (D:4)
  A worker ant (D:5)
  A quasit (D:5)
  An orc wizard (D:5)
  A worker ant zombie (D:6)
  15 gnolls
  3 adders
  An ooze (D:3)
  3 worms
  A giant gecko (D:1)
  12 orcs
  5 bats
  4 giant cockroaches
  9 goblins
  10 hobgoblins
  3 jackals
  A quokka (D:4)
  A ball python (D:1)
  A ball python zombie (D:1)
  A giant cockroach zombie (D:1)
  A giant gecko zombie (D:5)
  A giant newt (D:1)
  9 kobolds
  A kobold skeleton (D:5)
  5 rats
  A fungus (D:5)
103 creatures vanquished.

Grand Total: 145 creatures vanquished

Notes
Turn   | Place    | Note
--------------------------------------------------------------
     0 | D:1      | jacquesderrida the Demonspawn Summoner began the quest for the Orb.
     0 | D:1      | Reached XP level 1. HP: 13/13 MP: 3/3
   218 | D:2      | Gained mutation: You have sharp toenails. [demonic ancestry]
   218 | D:2      | Reached XP level 2. HP: 19/19 MP: 1/5
   277 | D:1      | Learned a level 2 spell: Call Imp
   687 | D:2      | Reached skill level 5 in Summonings
   721 | D:2      | Reached XP level 3. HP: 22/24 MP: 4/6
   896 | D:3      | Learned a level 3 spell: Call Canine Familiar
   924 | D:3      | Found a radiant altar of Vehumet.
   925 | D:3      | Found a burning altar of Makhleb.
   993 | D:3      | Found a shadowy altar of Dithmenos.
  1134 | D:3      | Gained mutation: You are partially covered in sharp spines. [demonic ancestry]
  1134 | D:3      | Reached XP level 4. HP: 30/30 MP: 4/7
  1342 | D:3      | Noticed ThereIsNoGod's ghost (amateur DDFi)
  1442 | D:3      | Killed ThereIsNoGod's ghost
  1442 | D:3      | Reached skill level 7 in Summonings
  1442 | D:3      | Reached XP level 5. HP: 32/35 MP: 2/8
  1539 | D:4      | Noticed ThereIsNoGod's ghost (amateur DDFi)
  1572 | D:4      | Reached XP level 6. HP: 29/41 MP: 3/9
  1804 | D:4      | Reached skill level 8 in Summonings
  2019 | D:4      | Noticed an ogre
  2030 | D:4      | Reached skill level 1 in Maces & Flails
  2047 | D:5      | Entered Level 5 of the Dungeon
  2065 | D:5      | Noticed Grinder
  2072 | D:5      | Paralysed by Grinder for 3 turns
  2083 | D:5      | Reached XP level 7. HP: 42/46 MP: 0/10
  2098 | D:5      | Killed Grinder
  2125 | D:5      | Found a glowing golden altar of the Shining One.
  2175 | D:5      | Learned a level 3 spell: Summon Guardian Golem
  2201 | D:5      | Found a sparkling altar of Nemelex Xobeh.
  2468 | D:5      | Reached skill level 9 in Summonings
  2630 | D:6      | Gained mutation: You are partially covered in yellow scales (AC +2). [demonic ancestry]
  2630 | D:6      | Reached XP level 8. HP: 5/52 MP: 7/11
  2684 | D:6      | Found a blossoming altar of Fedhas.
  2757 | D:6      | HP: 2/52 [poisoned by an adder]
  2760 | D:6      | Succumbed to an adder's poison

Action                   |  1- 3 |  4- 6 |  7- 9 || total
-------------------------+-------+-------+-------++-------
Melee: Unarmed           |    16 |       |       ||    16
       Flail             |     2 |       |       ||     2
       Dagger            |     2 |       |       ||     2
       War axe           |       |    45 |    28 ||    73
 Cast: Summon Small Mamm |    21 |       |       ||    21
       Call Imp          |    20 |    12 |     3 ||    35
       Call Canine Famil |     6 |    16 |     8 ||    30
       Summon Guardian G |       |       |     2 ||     2
  Use: Potion            |     1 |     1 |     1 ||     3
       Scroll            |       |     7 |     2 ||     9
 Stab: Sleeping          |       |     1 |       ||     1
       Distracted        |       |       |     1 ||     1
  Eat: Chunk             |     3 |     4 |     2 ||     9
       Pizza             |       |       |     1 ||     1
       Beef jerky        |       |       |     1 ||     1
